AoeStats
← 沒起房子我日

MegaRandom

509234554Analyzed
4v4 RM · 6d ago on Sep 26, 2026· 47m 36s· 8 players
Game mode
Random Map
Map size
Large (8 player)
Population
200
Speed
Normal
Resources
Standard
Victory
Conquest
Starting age
Dark Age
Ending age
Imperial Age
RankedLock teamsTeams togetherTeam positionsShared explorationLock speedFull tech treeHidden civsTurbo modeCheats
Victory
Defeat
🇬🇧 Poles · United Kingdom
1546
+17
🇺🇸 Persians · United States
1545
+17
🇺🇸 Vietnamese · United States
1517
+18
🇺🇸 Mapuche · United States
1497
+19
🇦🇺 Gurjaras · Australia
1605
-19
🇨🇳 Mongols · China
1582
-18
🇹🇼 Varangians · Taiwan
1560
-18
🇻🇳 Inca · Vietnam
1529
-16
[TSU] I-am-the-1AW
3:06 Loom
10:32 Feudal Age
13:07 Double-Bit Axe
14:11 Fletching
16:03 Padded Archer Armor
19:40 Horse Collar
23:50 Castle Age
23:52 Crossbowman
24:29 Bodkin Arrow
24:48 Gold Mining
26:02 Ballistics
27:46 Leather Archer Armor
27:44 Thumb Ring
36:26 Imperial Age
38:43 Horse Collar
40:09 Wheelbarrow
40:01 Arbalester
42:16 Bracer
43:26 Chemistry
43:09 Elite Skirmisher
47:29 Town Watch
[TSU] IAmTheWalrus
9:01 Loom
11:13 Feudal Age
12:01 Double-Bit Axe
13:31 Fletching
15:22 Fishing Lines
17:55 Horse Collar
20:18 Castle Age
19:22 Padded Archer Armor
19:23 Gold Mining
21:19 Bodkin Arrow
29:53 Leather Archer Armor
31:55 Ballistics
36:51 Wheelbarrow
39:18 Imperial Age
36:59 Pikeman
37:40 Scale Mail Armor
38:28 Bow Saw
38:18 Heavy Plow
39:13 Chain Mail Armor
40:00 Halberdier
41:25 Malon
41:46 Conscription
42:58 Plate Mail Armor
42:46 Hand Cart
43:36 Elite Bolas Rider
47:21 Ring Archer Armor
47:02 Forging
[TSU] CJ the Strategos
7:14 Loom
10:44 Feudal Age
11:39 Double-Bit Axe
15:35 Scale Barding Armor
16:02 Bloodlines
18:54 Castle Age
19:15 Forging
19:56 Chain Barding Armor
20:05 Husbandry
22:51 Iron Casting
27:39 Bow Saw
32:34 Wheelbarrow
35:32 Imperial Age
35:10 Cavalier
36:54 Gold Mining
38:04 Plate Barding Armor
38:36 Horse Collar
39:01 Devotion
38:43 Fishing Lines
40:20 Blast Furnace
41:19 Guilds
44:46 Light Cavalry
45:09 Savar
46:34 Hand Cart
[TSU] MrFluffyBunny
7:07 Loom
10:16 Feudal Age
12:17 Fletching
17:34 Horse Collar
25:18 Castle Age
26:53 Wheelbarrow
26:08 Double-Bit Axe
26:32 Heavy Plow
33:26 Hand Cart
33:57 Town Watch
38:42 Imperial Age
37:13 Caravan
37:39 Szlachta Privileges
38:33 Scale Barding Armor
38:38 Forging
39:38 Bloodlines
39:28 Husbandry
39:54 Chain Barding Armor
40:41 Iron Casting
39:28 Cavalier
43:19 Blast Furnace
43:07 Conscription
46:54 Bow Saw
46:36 Light Cavalry
47:25 Winged Hussar
沒起房子我日
7:27 Loom
10:23 Feudal Age
10:54 Double-Bit Axe
11:02 Horse Collar
11:47 Fishing Lines
12:50 Bloodlines
17:02 Wheelbarrow
17:43 Scale Barding Armor
22:42 Castle Age
20:58 Gold Mining
22:02 Forging
22:46 Light Cavalry
23:48 Chain Barding Armor
23:47 Husbandry
25:42 Bow Saw
28:30 Wheelbarrow
31:57 Hand Cart
35:16 Imperial Age
33:51 Stone Mining
34:37 Iron Casting
35:23 Cavalier
36:41 Plate Barding Armor
37:33 Blast Furnace
37:45 Two-Man Saw
36:45 Heavy Plow
38:35 Crop Rotation
38:18 Vendel Legacy
39:18 Guilds
42:21 Coinage
43:41 Conscription
46:08 Banking
RogerRamjet
4:45 Loom
10:32 Feudal Age
11:15 Double-Bit Axe
14:03 Fletching
14:52 Padded Archer Armor
22:18 Castle Age
20:24 Gold Mining
22:56 Bodkin Arrow
22:21 Crossbowman
25:27 Ballistics
25:44 Leather Archer Armor
28:03 Wheelbarrow
28:44 Thumb Ring
31:04 Town Watch
37:37 Imperial Age
35:17 Horse Collar
36:19 Scale Barding Armor
36:57 Forging
38:02 Chain Barding Armor
37:52 Kshatriyas
38:57 Iron Casting
38:04 Heavy Camel Rider
38:56 Bloodlines
38:47 Husbandry
39:30 Conscription
38:42 Light Cavalry
39:05 Heavy Camel Rider
40:33 Plate Barding Armor
41:21 Hand Cart
42:53 Bow Saw
47:07 Hussar
43 Đoàn Quốc Hưng
7:02 Loom
8:06 Loom
8:10 Loom
10:41 Feudal Age
18:07 Castle Age
16:22 Double-Bit Axe
16:03 Champi Runner
17:41 Scale Mail Armor
18:13 Champi Warrior
19:52 Chain Mail Armor
20:11 Forging
24:01 Horse Collar
28:02 Iron Casting
29:13 Pikeman
29:54 Squires
30:21 Bow Saw
34:57 Wheelbarrow
37:52 Imperial Age
35:56 Gold Mining
37:34 Elite Skirmisher
38:30 Fletching
38:41 Padded Archer Armor
39:28 Bodkin Arrow
39:17 Elite Kamayuk
40:18 Conscription
40:32 Ballistics
41:38 Plate Mail Armor
43:12 Chemistry
42:58 Leather Archer Armor
44:22 Ring Archer Armor
46:58 Bracer
47:06 Halberdier
Sandwich
8:46 Loom
10:37 Feudal Age
9:34 Loom
11:08 Double-Bit Axe
17:46 Castle Age
22:17 Fletching
23:48 Ballistics
24:14 Bodkin Arrow
28:12 Padded Archer Armor
30:02 Leather Archer Armor
36:53 Imperial Age
35:57 Bloodlines
36:15 Bow Saw
37:08 Husbandry
37:48 Bracer
42:13 Chemistry
42:24 Elite Mangudai
Connection lost

Rejoining the realm…

Still unreachable

The connection could not be restored.

Session expired

The server has moved on; the page needs a fresh start.